 Dungeon Crawl Stone Soup version 0.26-a0-708-g17f3b190f9 (webtiles) character file.

Game seed: 11234595582116916699

786 snetch the Magician (level 7, -5/52 HPs)
             Began as a Gnoll Hedge Wizard on Oct 28, 2020.
             Was an Initiate of Cheibriados.
             Slain by Maggie
             ... wielding a +0 glaive
              (8 damage)
             ... on level 6 of the Dungeon.
             The game lasted 00:35:14 (7612 turns).

snetch the Magician (Gnoll Hedge Wizard)            Turns: 7612, Time: 00:35:28

Health: -5/52      AC: 10    Str: 18    XL:     7   Next: 86%
Magic:  7/18       EV: 14    Int: 21    God:    Cheibriados [......]
Gold:   396        SH:  0    Dex: 13    Spells: 13/21 levels left

rFire    . . .     SeeInvis .   j - -3 whip (curse)
rCold    . . .     Faith    .   (no shield)
rNeg     . . .     Spirit   .   o - +0 leather armour
rPois    .         Reflect  +   k - +0 helmet (curse)
rElec    .         Harm     .   K - +2 cloak of Ocoacol {+Fly Str+4 Dex-2}
rCorr    .         Rampage  .   s - +0 pair of gloves
MR       .....                  O - +0 pair of boots
Stlth    ++........             q - amulet of reflection
HPRegen  0.17/turn              m - ring of flight
MPRegen  0.16/turn              C - ring of stealth

@: confused, very slow
A: distributed training, fangs 1, rugged brown scales 1, clever 1, strong nose
a: Bend Time, Renounce Religion, Evoke Flight


You were on level 6 of the Dungeon.
You worshipped Cheibriados.
Cheibriados was noncommittal.
You visited 2 branches of the dungeon, and saw 8 of its levels.

You collected 396 gold pieces.

Inventory:

Hand Weapons
 a - a +0 dagger
 b - a +0 mace
 h - a +0 flail
 i - a +0 spear
 j - a cursed -3 whip (weapon)
 t - a +0 hunting sling
 A - a +1 hand axe of flaming
 E - a +0 spear
 S - a +1 flail of protection
 U - a +0 great mace
 Y - a +0 halberd
 Z - a +0 shortbow
Missiles
 d - 95 bolts
 e - 116 sling bullets
 n - 114 arrows
 w - 6 boomerangs (quivered)
 D - 89 stones
 W - 17 poisoned darts
Armour
 c - a +0 hat
 f - a +0 ring mail
 k - a cursed +0 helmet (worn)
 o - a +0 leather armour (worn)
 p - a cursed +0 helmet
 r - a +0 helmet
 s - a +0 pair of gloves (worn)
 u - a +0 kite shield
 v - a +0 scale mail
 B - a +0 scale mail
 F - a +0 chain mail
 J - a cursed +0 helmet
 K - the +2 cloak of Ocoacol (worn) {+Fly Str+4 Dex-2}
   (You found it on level 4 of the Dungeon)

   It affects your strength (+4).
   It affects your dexterity (-2).
   It lets you fly.
 O - a +0 pair of boots (worn)
Jewellery
 m - a ring of flight (left hand)
 q - an amulet of reflection (around neck)
 C - a ring of stealth (right hand)
 N - a cursed ring of teleportation {unknown}
Wands
 H - a wand of paralysis (4)
Scrolls
 l - 2 scrolls of enchant armour
 y - a scroll of amnesia
 M - 2 scrolls of remove curse {unknown}
 Q - 2 scrolls of fog {unknown}
 R - a scroll of magic mapping
 T - a scroll of blinking {unknown}
 V - a scroll of fear {unknown}
Potions
 g - a potion of flight
 x - 2 potions of lignification
 z - a potion of brilliance
 G - a potion of stabbing {unknown}
 I - a potion of degeneration {unknown}
 L - a potion of mutation
 P - a potion of curing {unknown}
 X - a potion of might {unknown}


   Skills:
 + Level 2.7 Fighting
 + Level 2.7 Short Blades
 + Level 2.7 Long Blades
 + Level 2.7 Axes
 + Level 2.7 Maces & Flails
 + Level 2.7 Polearms
 + Level 2.7 Staves
 + Level 2.7 Slings
 + Level 2.7 Bows
 + Level 2.7 Crossbows
 + Level 2.7 Throwing
 + Level 2.7 Armour
 + Level 5.4 Dodging
 + Level 5.0 Stealth
 + Level 2.7 Shields
 + Level 2.7 Unarmed Combat
 + Level 7.7 Spellcasting
 + Level 3.1 Conjurations
 + Level 2.2 Hexes
 + Level 3.1 Summonings
 + Level 2.2 Necromancy
 + Level 3.1 Translocations
 + Level 2.2 Transmutations
 + Level 2.2 Fire Magic
 + Level 2.2 Ice Magic
 + Level 2.2 Air Magic
 + Level 2.2 Earth Magic
 + Level 2.2 Poison Magic
 + Level 3.0 Invocations
 + Level 2.7 Evocations


You had 13 spell levels left.
You knew the following spells:

 Your Spells              Type           Power        Failure   Level
a - Magic Dart            Conj           ###.         2%          1
b - Blink                 Tloc           N/A          4%          2
c - Call Imp              Summ           ###.....     4%          2
d - Mephitic Cloud        Conj/Pois/Air  ###.....     11%         3

Your spell library contained the following spells:

 Spells                   Type           Power        Failure   Level
 Apportation              Tloc           ###...       2%          1
 Summon Small Mammal      Summ           ###.         2%          1
 Animate Skeleton         Necr           ###...       3%          1
 Corona                   Hex            ###....      3%          1
 Slow                     Hex            ###.....     6%          2
 Conjure Flame            Conj/Fire      ###.....     10%         3


Dungeon Overview and Level Annotations

Branches:
Dungeon (7/15)             Temple (1/1) D:6

Altars:
Ashenzari
Cheibriados
Dithmenos
Elyvilon
Fedhas
Gozag
Hepliaklqana
Kikubaaqudgha
Makhleb
Nemelex Xobeh
Okawaru
Qazlal
Ru
Sif Muna
Trog
Uskayaw
Vehumet
Wu Jian
Xom
Yredelemnul
Zin
The Shining One

Annotations:
D:1 scroll behind stone and statues
D:4 2 transporters, karrick's ghost, amateur GrGl
D:6 Maggie


Innate Abilities, Weirdness & Mutations

Your experience applies equally to all skills.
You have very sharp teeth.
Your uncanny sense of smell can sniff out nearby items.
You are partially covered in rugged brown scales. (AC +1, +3% HP)
Your mind is acute. (Int +2)


Message History

The stinking cloud engulfs something but does no damage.
The stinking cloud engulfs you but does no damage.
You are engulfed in noxious fumes.
You choke on the stench!
You are confused.
You hear some strange, mumbled words.
A bolt of fire appears from out of thin air!
The bolt of fire hits you!
* * * LOW HITPOINT WARNING * * *
The bolt of fire misses your crimson imp.
The bolt of fire hits your crimson imp.
Your crimson imp completely resists.
Okay, then.
You're too confused!
It was a potion of mutation.
You feel extremely strange.
You feel clever.
Rugged brown scales grow over part of your body.
You are engulfed in noxious fumes.
* * * LOW HITPOINT WARNING * * *
Something hits you!
You die...

#.## #.......
#.<# #.......
##..# #.....#.
##.# ###.....#.
.... ##.........
###..##
#..#######.
#....#####
#####.## ##.
#...°○###.....#
##..
###...°{@55.#####
##..#
#......☼○#####
#.... #........#
#^... #........#
##.... #...######
#####..... .....
∆ #...##....
..... #.).#.....
#. #().#.....
##'##)####


You could see 2 friendly crimson imps.

Vanquished Creatures
  An ice beast (D:4)
  A centaur (D:6)
  2 worker ants (D:4)
  3 iguanas
  A killer bee zombie (D:6)
  3 gnolls
  A howler monkey skeleton (D:2)
  8 adders
  An adder skeleton (D:5)
  6 leopard geckos
  7 orcs
  8 giant cockroaches
  15 goblins
  8 hobgoblins
  A jackal (D:4)
  3 quokkas
  3 ball pythons
  6 bats
  2 frilled lizards
  5 kobolds
  A quokka skeleton (D:4)
  8 rats
94 creatures vanquished.

Vanquished Creatures (collateral kills)
  2 ogres
  A phantom (D:6)
  2 orc priests (D:5)
  An iguana (D:4)
  2 worker ants
  A hound zombie (D:5)
  4 gnolls
  2 adders
  An ooze (D:3)
  A worm (D:2)
  2 dart slugs
  10 orcs
  3 goblins
  5 jackals
  A quokka (D:4)
38 creatures vanquished.

Grand Total: 132 creatures vanquished

Notes
Turn   | Place    | Note
-------+----------+-------------------------------------------
     0 | D:1      | snetch the Gnoll Hedge Wizard began the quest for the Orb.
     0 | D:1      | Reached XP level 1. HP: 13/13 MP: 8/8
   149 | D:2      | Reached XP level 2. HP: 17/19 MP: 2/10
  1043 | D:1      | Reached XP level 3. HP: 22/25 MP: 7/11
  1111 | D:1      | Learned a level 2 spell: Blink
  1114 | D:1      | Learned a level 2 spell: Call Imp
  1118 | D:1      | Learned a level 3 spell: Mephitic Cloud
  1329 | D:2      | Reached skill level 1 in Invocations
  1552 | D:2      | Reached skill level 1 in Fighting
  1552 | D:2      | Reached skill level 1 in Short Blades
  1552 | D:2      | Reached skill level 1 in Long Blades
  1552 | D:2      | Reached skill level 1 in Axes
  1552 | D:2      | Reached skill level 1 in Maces & Flails
  1552 | D:2      | Reached skill level 1 in Polearms
  1552 | D:2      | Reached skill level 1 in Staves
  1552 | D:2      | Reached skill level 1 in Slings
  1552 | D:2      | Reached skill level 1 in Bows
  1552 | D:2      | Reached skill level 1 in Crossbows
  1552 | D:2      | Reached skill level 1 in Throwing
  1552 | D:2      | Reached skill level 1 in Armour
  1552 | D:2      | Reached skill level 1 in Shields
  1552 | D:2      | Reached skill level 1 in Unarmed Combat
  1552 | D:2      | Reached skill level 1 in Evocations
  1692 | D:2      | Reached XP level 4. HP: 32/32 MP: 5/13
  2113 | D:2      | Reached skill level 1 in Hexes
  2113 | D:2      | Reached skill level 1 in Necromancy
  2113 | D:2      | Reached skill level 1 in Transmutations
  2113 | D:2      | Reached skill level 1 in Fire Magic
  2113 | D:2      | Reached skill level 1 in Ice Magic
  2113 | D:2      | Reached skill level 1 in Air Magic
  2113 | D:2      | Reached skill level 1 in Earth Magic
  2113 | D:2      | Reached skill level 1 in Poison Magic
  2404 | D:2      | Reached XP level 5. HP: 37/37 MP: 12/14
  3167 | D:3      | Found a white marble altar of Elyvilon.
  3168 | D:3      | Found a hide-covered altar of Uskayaw.
  3169 | D:3      | Found a radiant altar of Vehumet.
  3456 | D:5      | Entered Level 5 of the Dungeon
  3785 | D:4      | Reached XP level 6. HP: 44/44 MP: 8/16
  3861 | D:4      | Noticed karrick's ghost (amateur GrGl)
  3925 | D:4      | Found a transporter.
  4346 | D:4      | Found a transporter.
  4386 | D:4      | Noticed an ice beast
  4425 | D:4      | Killed an ice beast
  4425 | D:4      | Reached skill level 5 in Dodging
  4508 | D:4      | Got a twisted cloak
  4513 | D:4      | Identified the +2 cloak of Ocoacol {+Fly Str+4 Dex-2} (You
                  | found it on level 4 of the Dungeon)
  5649 | D:5      | Found a shimmering altar of Xom.
  5656 | D:5      | Reached XP level 7. HP: 50/50 MP: 9/18
  6687 | D:6      | Found a staircase to the Ecumenical Temple.
  6766 | Temple   | Entered the Ecumenical Temple
  7011 | Temple   | Became a worshipper of Cheibriados the Contemplative
  7187 | D:6      | Found an iron altar of Okawaru.
  7231 | D:6      | Reached skill level 5 in Stealth
  7598 | D:6      | Noticed Maggie
  7612 | D:6      | Gained mutation: Your mind is acute. (Int +2) [potion of
                  | mutation]
  7612 | D:6      | Gained mutation: You are partially covered in rugged brown
                  | scales. (AC +1, +3% HP) [potion of mutation]
  7612 | D:6      | Slain by Maggie

Illustrated notes

Levels and vault maps discovered:
D:1:      matt_arrival_grand_opening, layout_basic, minmay_statues_item,
          chequers_serial_rivers_micro_e, minmay_tromino_v7
D:2:      minmay_wonky_spiral, layout_loops_ring, chequers_serial_rivers_small_3
D:3:      layout_basic, chequers_temple_overflow_statue_of_worship
D:4:      layout_loops_corners, gammafunk_ghost_stat_death
D:5:      layout_layer_cave, basic_altar
D:6:      layout_rooms, okawaru_trees_2, minmay_temple_entry_waves, basic_altar,
          minmay_ogre_servants, uniq_maggie
D:7:      layout_basic
Temple:   dpeg_five_rooms_temple

Skill      XL: |  1  2  3  4  5  6  7 |
---------------+----------------------+-----
Conjurations   | 2 3 |  3.1
Summonings     | 2 3 |  3.1
Translocations | 2 3 |  3.1
Invocations    | 1 2 3 |  3.0
Fighting       | 1 2 |  2.7
Short Blades   | 1 2 |  2.7
Long Blades    | 1 2 |  2.7
Axes           | 1 2 |  2.7
Maces & Flails | 1 2 |  2.7
Polearms       | 1 2 |  2.7
Staves         | 1 2 |  2.7
Slings         | 1 2 |  2.7
Bows           | 1 2 |  2.7
Crossbows      | 1 2 |  2.7
Throwing       | 1 2 |  2.7
Armour         | 1 2 |  2.7
Shields        | 1 2 |  2.7
Unarmed Combat | 1 2 |  2.7
Evocations     | 1 2 |  2.7
Hexes          | 1 2 |  2.2
Necromancy     | 1 2 |  2.2
Transmutations | 1 2 |  2.2
Fire Magic     | 1 2 |  2.2
Ice Magic      | 1 2 |  2.2
Air Magic      | 1 2 |  2.2
Earth Magic    | 1 2 |  2.2
Poison Magic   | 1 2 |  2.2
Dodging        | 5 |  5.4
Stealth        | 5 |  5.0
Spellcasting   | |  7.7

Action                   |  1- 3 |  4- 6 |  7- 9 || total
-------------------------+-------+-------+-------++-------
Melee: Spear             |     5 |       |       ||     5
       Bite              |     4 |    10 |     3 ||    17
       Whip              |    27 |   126 |    43 ||   196
       Mace              |     4 |       |       ||     4
       Dagger            |     1 |       |       ||     1
       Punch             |       |     2 |       ||     2
 Cast: Magic Dart        |    84 |   134 |    44 ||   262
       Call Imp          |     2 |    28 |    25 ||    55
       Blink             |       |     2 |     6 ||     8
       Mephitic Cloud    |       |     1 |     5 ||     6
 Abil: Evoke Flight      |     1 |     1 |       ||     2
Evoke: Wand              |       |       |     1 ||     1
  Use: Scroll            |       |     5 |     1 ||     6
       Potion            |       |       |     1 ||     1
 Stab: Sleeping          |     2 |     2 |       ||     4
       Distracted        |       |     1 |       ||     1
Armor: Ring mail         |    29 |    35 |       ||    64
       Leather armour    |       |    18 |    17 ||    35
Dodge: Dodged            |    55 |   121 |    49 ||   225
Block: Other             |       |    47 |    23 ||    70

Table legend: (Time is in decaauts)
 A = Elapsed time spent in this place.
 B = Non-inter-level travel time spent in this place.
 C = Inter-level travel time spent in this place.
 D = Time resting spent in this place.
 E = Time spent auto-exploring this place.
 F = Levels seen in this place.
 G = Mean time per level.
                   A        B        C        D        E       F      G
               +--------+--------+--------+--------+--------+-----+--------+
         Total |   7730 |   7371 |    359 |    211 |   5059 |   8 |  966.2 |
       Dungeon |   7386 |   7088 |    298 |    211 |   4785 |   7 | 1055.1 |
        Temple |    344 |    283 |     61 |      0 |    273 |   1 |  344.0 |
               +--------+--------+--------+--------+--------+-----+--------+

Top non-repeatable levels by time:
     D:4: 1551 daAuts
     D:2: 1507 daAuts
     D:5: 1369 daAuts
     D:1: 1185 daAuts
     D:3: 954 daAuts
     D:6: 806 daAuts
  Temple: 344 daAuts
     D:7: 11 daAuts
